 Dungeon Crawl Stone Soup version 0.19-a0-1193-g2641e52 (webtiles) character file.

813 epen the Poker (level 7, -6/50 HPs)
             Began as a Merfolk Monk on Aug 19, 2016.
             Was a Priest of Hepliaklqana.
             Mangled by Menkaure (11 damage)
             ... on level 4 of the Dungeon.
             The game lasted 00:06:37 (4986 turns).

epen the Poker (Merfolk Monk)                       Turns: 4986, Time: 00:06:38

Health: -6/50      AC:  3    Str: 13    XL:     7   Next: 93%
Magic:  8/9        EV: 16    Int: 10    God:    Hepliaklqana [***...]
Gold:   186        SH:  0    Dex: 16    Spells: 0 memorised, 6 levels left

rFire  . . .     SeeInvis .     u - +0 halberd
rCold  . . .     Gourm    .     n - +0 leather armour
rNeg   . . .     Faith    +     (shield currently unavailable)
rPois  .         Spirit   .     (no helmet)
rElec  .         Dismiss  .     (no cloak)
rCorr  .         Reflect  .     (no gloves)
MR     .....     Harm     .     (no boots)
Stlth  ++........               g - amulet of faith
                                (no ring)
                                (no ring)

@: no status effects
A: change form in water, swift swim
a: Recall Ancestor, Ancestor Identity, Transference, Renounce Religion


You were on level 4 of the Dungeon.
You worshipped Hepliaklqana.
Hepliaklqana was most pleased with you.
You were not hungry.

You visited 1 branch of the dungeon, and saw 4 of its levels.

You collected 186 gold pieces.

Inventory:

Hand Weapons
 a - a +0 spear
 u - a +0 halberd (weapon)
Armour
 b - a +0 robe
 n - a +0 leather armour (worn)
Jewellery
 g - an amulet of faith (around neck)
Wands
 z - a wand of polymorph (12/24)
Scrolls
 i - 2 scrolls of blinking {unknown}
 j - 2 scrolls of fear {unknown}
 l - a scroll of enchant armour {unknown}
 q - 2 scrolls of magic mapping {unknown}
 r - 2 scrolls of identify {unknown}
 s - a scroll of immolation {unknown}
 t - a scroll of enchant weapon {unknown}
 v - a scroll of remove curse {unknown}
 x - a scroll of amnesia {unknown}
 y - a scroll of recharging {unknown}
Potions
 d - 4 potions of heal wounds {unknown}
 e - 2 potions of mutation {unknown}
 f - 3 potions of brilliance {unknown}
 h - 2 potions of flight {unknown}
 k - a potion of haste {unknown}
 o - 2 potions of degeneration {unknown}
 w - a potion of might {unknown}
Comestibles
 c - 3 bread rations
 m - 3 fruits
 p - a slice of pizza
 A - 2 chunks of flesh


   Skills:
 + Level 5.3 Fighting
 + Level 6.6 Polearms
 * Level 3.4 Armour
 + Level 6.2 Dodging
 - Level 2.1 Stealth
 * Level 2.9 Invocations


You had 6 spell levels left.
You didn't know any spells.

Dungeon Overview and Level Annotations

Branches:
Dungeon (4/15)
 Temple: D:4-7

Altars:
Gozag
Hepliaklqana
Uskayaw
Xom

Annotations:
D:4 Menkaure


Message History

Aim: Menkaure (moderately damaged)
You reach to attack!
You hit Menkaure.
Menkaure is moderately damaged.
Menkaure mumbles, "From dust you came, to dust you will return."
Menkaure casts a spell.
Menkaure seems to speed up.
Attack whom?
Press: ? - help, Dir - move target cursor, f/p - Menkaure
Aim: Menkaure (moderately damaged, fast)
You reach to attack!
You completely miss Menkaure.
Menkaure is moderately damaged.
Pepler points at Menkaure and mumbles some strange words.
Menkaure resists with some effort.
Attack whom?
Press: ? - help, Dir - move target cursor, f/p - Menkaure
Aim: Menkaure (moderately damaged, fast)
You hit Menkaure.
Menkaure is heavily damaged.
Menkaure hits you!
You die...

##......†... ..
#.......... ...
#.......... ...
#..........
###'##########..........
..............)....#####
...................# ...
.......R...........# ...
......M@.).........# ...
...................####.
'##.........########..88
..'.........# ..8..
..#.........# ..8.. .
#.........# ...P.
#.........# . .#.
#.........# .. #. ...##.


You could see the friendly Pepler the hexer and Menkaure.

Vanquished Creatures
  An ogre (D:4)
  2 scorpions (D:4)
  A hound (D:4)
  An orc priest (D:3)
  An orc wizard (D:3)
  Terence (D:2)
  Natasha (thrice) (D:3)
  A hound zombie (D:4)
  3 gnolls (D:2)
  7 adders
  An ooze (D:1)
  5 worms
  3 dart slugs
  3 giant geckos
  17 orcs (D:3)
  7 giant cockroaches
  10 goblins
  13 hobgoblins
  6 jackals
  3 kobolds
  2 ball pythons
  8 bats
  2 giant newts
  8 rats
109 creatures vanquished.

Vanquished Creatures (collateral kills)
  An ogre (D:4)
  An orc priest (D:3)
  An orc wizard (D:3)
  A worker ant (D:4)
  2 adders
  2 worms
  An orc (D:3)
  2 bats (D:3)
  A giant cockroach (D:3)
  A hobgoblin (D:3)
  2 kobolds (D:3)
  A quokka (D:3)
  A giant newt (D:3)
  A rat (D:3)
18 creatures vanquished.

Vanquished Creatures (others)
  A hexer (D:3)
1 creature vanquished.

Grand Total: 128 creatures vanquished

Notes
Turn   | Place    | Note
-------+----------+-------------------------------------------
     0 | D:1      | epen the Merfolk Monk began the quest for the Orb.
     0 | D:1      | Reached XP level 1. HP: 18/18 MP: 1/1
   210 | D:1      | Reached XP level 2. HP: 20/24 MP: 2/2
   576 | D:1      | Reached XP level 3. HP: 25/29 MP: 3/3
   994 | D:1      | Reached skill level 5 in Polearms
  1089 | D:2      | Noticed a dagger
  1089 | D:2      | Found a hide-covered altar of Uskayaw.
  1089 | D:2      | Noticed a hand axe
  1296 | D:2      | Reached skill level 1 in Armour
  1325 | D:2      | Noticed Terence
  1353 | D:2      | Killed Terence
  1353 | D:2      | Reached XP level 4. HP: 17/37 MP: 4/4
  1868 | D:2      | Found a shimmering altar of Xom.
  1962 | D:2      | Reached XP level 5. HP: 12/42 MP: 5/5
  2357 | D:2      | HP: 2/43 [poisoned by an adder]
  2711 | D:2      | Reached skill level 5 in Dodging
  2775 | D:3      | Noticed Natasha
  2781 | D:3      | Killed Natasha
  2872 | D:3      | Found a hazy altar of Hepliaklqana.
  2876 | D:3      | Became a worshipper of Hepliaklqana
  2876 | D:3      | Reached * piety under Hepliaklqana
  2876 | D:3      | Reached ** piety under Hepliaklqana
  2877 | D:3      | Remembered your ancestor Pepler as a hexer
  2988 | D:3      | Noticed Natasha
  2996 | D:3      | Killed Natasha
  2996 | D:3      | Reached XP level 6. HP: 10/44 MP: 6/6
  3252 | D:3      | Noticed Natasha
  3264 | D:3      | Killed Natasha
  3657 | D:3      | Reached skill level 1 in Invocations
  3772 | D:3      | HP: 2/45 [orc wizard/magic dart (9)]
  4352 | D:3      | Reached XP level 7. HP: 49/49 MP: 7/7
  4479 | D:4      | Found an opulent altar of Gozag.
  4527 | D:4      | Reached skill level 5 in Fighting
  4803 | D:4      | Reached *** piety under Hepliaklqana
  4976 | D:4      | Noticed Menkaure
  4986 | D:4      | Mangled by Menkaure

Vault maps used:
D:1:      eino_arrival_cavern_b
D:2:      xom_teletrap_fun, dancing_weapons_uskayaw, first_bread, uniq_terence
D:3:      marbit_many_paths, uniq_natasha
D:4:      grunt_gozag_statues, lemuel_round_altar, serial_undead,
          serial_undead_c, serial_undead_e, serial_undead_e, serial_undead_c,
          serial_undead_f, serial_undead_c, serial_undead_a,
          hangedman_decor_lopped, uniq_crazy_yiuf_cottage, uniq_menkaure

Skill      XL: |  1  2  3  4  5  6  7 |
---------------+----------------------+-----
Polearms       | 5 6 |  6.6
Armour         | 1 2 3 |  3.4
Fighting       | 4 5 |  5.3
Dodging        | 5 6 |  6.2
Invocations    | 1 2 |  2.9
Stealth        | |  2.1

Action                   |  1- 3 |  4- 6 |  7- 9 || total
-------------------------+-------+-------+-------++-------
Melee: Spear             |   176 |    82 |       ||   258
       Halberd           |       |   183 |    65 ||   248
Invok: Ancestor Life: He |       |     1 |       ||     1
       Ancestor Identity |       |     1 |       ||     1
 Stab: Sleeping          |     7 |     4 |     4 ||    15
       Confused          |       |     2 |       ||     2
       Distracted        |       |       |     1 ||     1
  Eat: Chunk             |     1 |    10 |     3 ||    14
Armor: Robe              |    11 |       |       ||    11
       Leather armour    |     4 |    23 |       ||    27
Dodge: Dodged            |    93 |   151 |    30 ||   274
